Map: Romanticide LE

Players

soul

  • Race: Terran Terran
  • League: Master
  • Spawn Location: 11:00

Lambo - Winner!

  • Race: Zerg Zerg
  • League: Master
  • Spawn Location: 5:00

VOD

Have the link to the VOD?

Description

Time

  • Played on: Jan. 30, 2021, 1:54 p.m.
  • Length: 23:47
Show
View Real Time Build Order
Export as new Build Order

soul Terran 

Build Orders: Reaper Expand, Hellion Banshee 

Get SALT Encoding   

  12  0:00  SCV  
  13  0:12  SCV  
  14  0:17  Supply Depot  
  14  0:24  SCV  
  15  0:38  SCV  
  15  0:40  Barracks  
  16  0:43  Refinery  
  16  0:50  SCV  
  17  1:03  SCV  
  18  1:15  SCV  
  19  1:27  Orbital Command, Reaper  
  20  1:40  Command Center  
  20  1:50  Supply Depot  
  20  1:53  SCV  
  21  1:59  Marine  
  22  2:06  SCV  
  23  2:08  Factory  
  23  2:18  SCV  
  23  2:21  Barracks Reactor  
  24  2:30  SCV  
  25  2:39  Command Center  
  25  2:45  SCV  
  26  2:53  Orbital Command  
  26  2:57  SCV  
  27  3:00  Starport  
  27  3:04  Refinery  
  27  3:09  SCV  
  27  3:11  Hellion  
  30  3:14  Hellion  
  30  3:16  Barracks Tech Lab  
  30  3:19  SCV  
  33  3:21  SCV  
  34  3:31  SCV  
  34  3:32  Hellion  
  34  3:33  SCV  
  38  3:35  Hellion  
  40  3:42  Banshee  
  40  3:43  SCV  
  40  3:45  SCV  
  45  3:53  Orbital Command  
  45  3:55  Hellion, SCV  
  47  3:56  Hellion  
  47  3:59  Cloaking Field  
  52  4:02  SCV  
  52  4:03  Barracks Tech Lab  
  52  4:08  SCV  
  52  4:14  Supply Depot, SCV  
  53  4:20  SCV  
  53  4:22  SCV  
  53  4:23  Hellion x2  
  59  4:27  SCV  
  60  4:33  SCV  
  60  4:35  Banshee  
  60  4:37  Marine, Stimpack  
  60  4:38  Supply Depot, Orbital Command  
  65  4:39  SCV  
  67  4:45  SCV  
  67  4:48  Supply Depot  
  67  4:52  SCV  
  68  4:53  Barracks  
  68  4:55  Factory Reactor  
  68  4:56  Barracks  
  68  4:57  SCV  
  68  4:59  Refinery  
  69  5:02  Refinery  
  69  5:03  Engineering Bay  
  69  5:04  SCV, Engineering Bay  
  69  5:06  SCV  
  71  5:11  SCV  
  71  5:13  Supply Depot  
  72  5:18  SCV  
  72  5:19  SCV, Barracks x2  
  74  5:24  SCV  
  75  5:29  Starport Reactor  
  75  5:30  SCV  
  75  5:31  SCV  
  75  5:35  Terran Infantry Armor Level 1  
  77  5:36  SCV  
  77  5:38  Marine  
  77  5:41  Supply Depot, Marine x2  
  77  5:42  SCV  
  82  5:43  SCV  
  82  5:48  SCV  
  82  5:50  Siege Tank  
  82  5:54  Marine, SCV  
  82  5:55  Marine, SCV  
  89  5:59  Marine x2  
  89  6:00  SCV  
  89  6:01  Marine  
  93  6:05  Supply Depot  
  93  6:06  Supply Depot, Barracks Reactor, SCV  
  93  6:08  Medivac x2  
  93  6:09  SCV  
  93  6:11  Barracks Reactor  
  99  6:12  Marine, SCV  
  99  6:16  Combat Shield  
  101  6:27  Marine x4, SCV  
  101  6:29  Terran Infantry Weapons Level 1, Refinery  
  101  6:30  Supply Depot x2  
  101  6:32  Armory  
  106  6:33  Marine  
  107  6:41  Siege Tank  
  107  6:43  Marine  
  107  6:45  Marine x5  
  116  6:49  Marine  
  116  6:50  Bunker  
  116  6:51  Marine x2  
  116  6:53  Supply Depot  
  119  6:55  Supply Depot, Medivac  
  119  7:01  Marine  
  121  7:02  Marine x3  
  121  7:03  Marine x2  
  127  7:09  Marine x3, SCV x2  
  127  7:15  Siege Tank, Medivac  
  137  7:19  Marine  
  137  7:20  Supply Depot, Marine x3  
  137  7:21  Supply Depot  
  141  7:25  Marine x2  
  141  7:27  Marine  
  141  7:28  Marine x2  
  140  7:32  Terran Infantry Armor Level 2  
  140  7:36  Supply Depot, Marine  
  140  7:38  Marine x3  
  140  7:39  Supply Depot, Missile Turret  
  140  7:43  Marine, Missile Turret x2  
  145  7:44  Marine  
  145  7:45  Marine  
  145  7:46  Marine  
  145  7:50  Marine  
  147  7:54  Marine  
  147  7:56  Marine x3  
  147  7:57  Medivac x2  
  142  7:59  Siege Tank  
  142  8:01  Marine  
  142  8:02  Marine  
  142  8:03  Factory, Marine  
  148  8:09  Marine  
  148  8:10  Marine  
  148  8:12  Marine  
  151  8:17  Command Center  
  151  8:19  Marine  
  151  8:20  Marine  
  153  8:27  Marine  
  153  8:29  Medivac  
  153  8:31  Terran Infantry Weapons Level 2  
  153  8:33  Marine x6  
  162  8:37  Marine  
  162  8:38  Marine  
  161  8:45  Marine  
  161  8:46  Medivac  
  159  8:48  Thor  
  159  8:50  Factory Reactor  
  159  8:51  Marine x3  
  165  8:59  Medivac  
  165  9:01  Marine  
  168  9:09  Marine  
  134  9:10  Marine x7  
  130  9:18  Marine  
  127  9:27  Marine x5, Barracks  
  127  9:28  Terran Vehicle And Ship Armor Level 1, Barracks  
  127  9:29  Widow Mine, Barracks  
  127  9:30  Widow Mine  
  136  9:32  Widow Mine  
  136  9:34  SCV x3  
  140  9:41  Medivac  
  142  9:46  SCV x2  
  142  9:49  Missile Turret, SCV  
  142  9:51  Widow Mine x2  
  142  9:52  Sensor Tower  
  149  9:53  Widow Mine  
  149  9:58  Planetary Fortress, SCV  
  149  9:59  SCV  
  153  10:03  Terran Infantry Armor Level 3  
  153  10:05  SCV  
  154  10:10  SCV  
  154  10:11  SCV  
  154  10:12  Widow Mine x2  
  160  10:17  Drilling Claws  
  157  10:24  Widow Mine, Marine  
  157  10:26  Marauder, Marine  
  151  10:42  Supply Depot  
  151  10:43  Supply Depot  
  151  10:45  Refinery  
  151  10:46  Factory, Bunker  
  151  10:48  Supply Depot  
  151  10:49  Supply Depot  
  151  10:50  Supply Depot, Command Center  
  151  10:54  Barracks Tech Lab x3  
  135  11:09  Marine, Medivac, Refinery  
  135  11:10  Widow Mine, Marine x2, Medivac  
  135  11:11  Widow Mine x2, Marauder, SCV x2  
  148  11:12  SCV  
  148  11:17  Terran Infantry Weapons Level 3  
  149  11:19  SCV  
  149  11:21  Marine  
  149  11:22  Marauder x2  
  155  11:25  Supply Depot  
  155  11:26  Supply Depot  
  155  11:31  Missile Turret x2  
  155  11:34  Sensor Tower  
  155  11:39  Terran Vehicle And Ship Armor Level 2  
  155  11:42  Marine  
  156  11:47  Widow Mine x2, Marauder, Marine x6  
  156  11:48  Marauder x2  
  156  11:49  Factory Tech Lab, Widow Mine  
  156  11:52  Supply Depot  
  156  11:53  Supply Depot  
  172  12:00  Marine x2  
  172  12:01  Marine  
  172  12:04  Marine x2  
  172  12:05  Marine x2  
  172  12:06  Marine  
  172  12:07  Marine  
  168  12:09  Marauder x2, Marine  
  168  12:15  Thor x2, Missile Turret  
  180  12:17  Missile Turret  
  180  12:18  Marine x2  
  180  12:19  SCV  
  180  12:21  Widow Mine  
  180  12:22  Widow Mine  
  187  12:24  Concussive Shells  
  187  12:25  Medivac x2  
  187  12:42  Widow Mine  
  187  12:44  Command Center, Ghost Academy  
  189  12:45  Command Center  
  189  12:53  Marauder, Marine  
  192  12:58  Thor  
  182  13:08  Marine  
  180  13:13  Command Center  
  180  13:15  Sensor Tower  
  180  13:21  Supply Depot  
  180  13:22  Supply Depot x2  
  180  13:23  Supply Depot x2  
  174  13:37  SCV  
  174  13:38  SCV  
  172  13:43  Widow Mine x2, Marauder, Marine, Planetary Fortress  
  172  13:45  Thor  
  183  13:48  Marine  
  183  13:49  Marauder  
  183  13:51  SCV  
  183  13:54  SCV  
  187  13:56  Widow Mine  
  187  14:01  Marauder, Marine  
  184  14:04  Widow Mine, Orbital Command  
  184  14:05  Marauder  
  184  14:06  Barracks Tech Lab  
  188  14:13  Widow Mine  
  190  14:17  Missile Turret  
  190  14:18  Sensor Tower  
  190  14:23  Marauder, Marine  
  190  14:24  Marauder  
  195  14:29  Missile Turret  
  195  14:31  Missile Turret  
  195  14:36  Marine x2  
  182  14:40  Widow Mine, Marauder, Marine  
  187  14:45  Widow Mine  
  187  14:48  Marine  
  187  14:49  Marauder x2  
  192  14:55  Command Center  
  192  14:56  Widow Mine  
  192  14:59  Barracks  
  190  15:01  Supply Depot  
  190  15:03  Marine  
  190  15:04  Marauder x2  
  181  15:16  Marauder  
  181  15:19  Marine x6  
  181  15:20  Marauder  
  183  15:24  Medivac x2  
  183  15:25  Marauder  
  183  15:26  Widow Mine x4  
  197  15:31  Marauder, Marine, Planetary Fortress  
  197  15:34  Orbital Command  
  200  15:47  Sensor Tower  
  200  15:48  Barracks Tech Lab, Missile Turret  
  198  16:11  Marine  
  196  16:13  Medivac  
  196  16:14  Marine x2  
  196  16:15  Marauder  
  196  16:18  Marauder, Marine  
  198  16:22  Medivac  
  198  16:28  Marine x2  
  198  16:37  Thor x2  
  198  16:38  Widow Mine  
  175  16:41  Marauder x2, Marine x2, SCV  
  175  16:43  Widow Mine, Medivac  
  182  16:51  SCV  
  182  16:52  Medivac  
  183  16:55  SCV  
  183  16:58  SCV  
  184  17:02  Marine x2  
  184  17:03  Marine x2, SCV  
  184  17:07  Missile Turret  
  185  17:08  Missile Turret  
  185  17:12  Marine  
  185  17:13  Marine x8, Medivac  
  185  17:15  SCV  
  187  17:17  Widow Mine x2  
  187  17:20  Thor  
  187  17:22  Medivac  
  193  17:26  Marine  
  193  17:28  Unknown, SCV x2  
  194  17:31  Marine  
  194  17:32  Marine x2  
  197  17:42  Marine  
  197  17:43  Medivac  
  176  17:45  SCV x2  
  176  17:46  Missile Turret, SCV  
  176  17:47  Marine  
  176  17:48  Missile Turret  
  176  17:52  Medivac  
  176  17:54  Widow Mine  
  176  17:58  SCV x2  
  177  17:59  Widow Mine  
  177  18:10  SCV x2  
  177  18:13  Medivac  
  177  18:16  Marine x8  
  182  18:20  Marine x2  
  182  18:22  SCV x2, Medivac  
  186  18:31  Marine x2  
  188  18:34  Marine x4, SCV  
  188  18:35  Refinery  
  188  18:37  SCV  
  191  18:43  Marine, Medivac  
  191  18:45  Marine  
  191  18:46  SCV  
  193  18:49  SCV  
  193  18:52  Medivac  
  189  18:58  SCV  
  189  19:01  Thor, SCV  
  195  19:05  Refinery  
  195  19:08  Supply Depot x3  
  195  19:09  Supply Depot  
  195  19:10  SCV  
  196  19:21  Widow Mine x2  
  196  19:23  Marine  
  179  19:26  Marine  
  174  19:38  Marine x6  
  169  19:44  Thor, Medivac x2  
  156  19:53  SCV  
  156  19:56  Marine  
  156  19:57  Marine  
  144  20:02  Marine  
  144  20:04  SCV  
  138  20:10  SCV  
  139  20:20  Marine  
  140  20:22  Marine  
  140  20:24  Marine x2  
  140  20:27  Thor  
  146  20:29  SCV x2  
  144  20:36  Marine  
  144  20:41  SCV x2  
  141  20:53  SCV  
  136  21:00  Marauder, Marine  
  135  21:05  SCV  
  135  21:09  Marine  
  135  21:10  Marauder  
  137  21:11  Marine x7  
  137  21:17  SCV  
  137  21:18  Marine  
  138  21:28  Marine  
  138  21:29  Marine, SCV  
  137  21:33  Marauder  
  137  21:37  Marine x3  
  140  21:41  SCV  
  140  21:45  Marauder, Marine  
  144  21:54  Marine x2  
  141  21:58  Marauder  
  144  22:06  Marauder  
  143  22:27  Supply Depot  
  143  22:28  Supply Depot  
  143  22:29  Supply Depot  
  137  22:48  Factory  
  137  22:50  Barracks  
  131  23:17  Marauder  
  105  23:33  Factory Tech Lab  
  98  23:34  Barracks x2  
  98  23:39  Barracks  
Show
View Real Time Build Order
Export as new Build Order

Lambo Zerg - Winner!

Build Orders: Hatch First, Muta Ling Bane 

Get SALT Encoding   

  12  0:00  Drone  
  13  0:12  Overlord  
  13  0:20  Drone  
  14  0:31  Drone x2  
  16  0:48  Hatchery  
  15  0:51  Drone  
  15  0:54  Drone  
  17  0:58  Drone  
  18  1:08  Extractor  
  17  1:13  Spawning Pool  
  17  1:17  Drone  
  17  1:19  Drone  
  18  1:27  Drone  
  19  1:38  Drone  
  20  1:49  Drone  
  21  1:59  Queen x2  
  21  2:00  Zergling x2  
  21  2:01  Zergling x2  
  27  2:10  Drone  
  27  2:11  Overlord  
  28  2:22  Hatchery  
  27  2:24  Drone  
  28  2:32  Drone  
  29  2:38  Metabolic Boost, Drone x2  
  29  2:43  Drone  
  32  2:44  Overlord  
  32  2:51  Queen  
  32  2:54  Drone  
  35  2:58  Drone  
  35  3:04  Drone  
  37  3:07  Drone  
  37  3:08  Drone  
  37  3:11  Queen  
  41  3:13  Overlord  
  41  3:17  Drone x2  
  43  3:20  Drone  
  44  3:31  Queen, Overlord  
  44  3:32  Drone  
  47  3:35  Drone  
  47  3:39  Drone x2  
  50  3:41  Queen  
  50  3:42  Drone  
  50  3:45  Drone x2  
  50  3:47  Drone  
  56  3:52  Overlord  
  56  3:54  Drone  
  56  3:55  Drone  
  58  3:58  Drone  
  60  4:02  Zergling x2  
  60  4:03  Zergling x6  
  60  4:08  Overlord  
  63  4:13  Zergling x2  
  63  4:14  Drone  
  63  4:16  Lair  
  65  4:17  Drone, Queen  
  65  4:22  Drone x3  
  65  4:23  Drone  
  70  4:26  Drone  
  70  4:27  Drone x2  
  70  4:30  Extractor, Drone  
  73  4:31  Baneling Nest  
  73  4:35  Drone  
  73  4:36  Overlord  
  73  4:39  Spore Crawler x2  
  73  4:41  Spore Crawler  
  73  4:44  Zergling x2  
  73  4:45  Zergling x2  
  72  4:46  Drone  
  72  4:49  Overlord  
  73  4:54  Drone x2  
  73  4:55  Overlord x3  
  73  4:56  Drone  
  73  4:57  Drone  
  77  5:00  Overlord  
  77  5:02  Drone x2  
  77  5:04  Drone  
  77  5:05  Drone  
  81  5:07  Drone  
  81  5:10  Extractor  
  81  5:11  Extractor  
  81  5:12  Overlord  
  80  5:15  Zergling x4  
  80  5:16  Baneling x2  
  80  5:19  Overseer  
  82  5:23  Drone x2  
  82  5:24  Drone, Evolution Chamber  
  82  5:26  Evolution Chamber  
  82  5:28  Drone  
  84  5:32  Drone x4  
  84  5:34  Drone x2, Hatchery  
  89  5:36  Drone  
  89  5:38  Extractor  
  89  5:39  Extractor, Drone  
  89  5:40  Drone x2  
  89  5:41  Overseer  
  91  5:44  Drone x2  
  93  5:50  Drone x2  
  93  5:52  Zerg Ground Armor Level 1, Centrifical Hooks  
  95  6:02  Drone x5  
  97  6:06  Drone  
  97  6:07  Zergling x8  
  97  6:08  Zergling x4  
  102  6:16  Zerg Melee Weapons Level 1  
  102  6:19  Zergling x8  
  102  6:24  Drone  
  102  6:25  Spire  
  104  6:30  Zergling x4  
  104  6:31  Zergling x4  
  108  6:34  Queen  
  108  6:38  Zergling x4  
  112  6:41  Drone  
  113  6:48  Overlord  
  113  6:49  Drone x7  
  113  6:53  Baneling x12  
  120  6:57  Spore Crawler, Zergling x10  
  120  7:01  Spore Crawler  
  120  7:03  Overlord  
  120  7:04  Zergling x4  
  120  7:07  Baneling x8  
  121  7:15  Zergling x18  
  131  7:24  Drone x3  
  134  7:31  Hatchery, Overlord  
  134  7:36  Extractor  
  132  7:38  Mutalisk x6  
  144  7:44  Overlord  
  144  7:45  Overlord  
  144  7:47  Overlord  
  144  7:49  Overlord  
  144  7:55  Drone x9  
  144  7:57  Mutalisk  
  151  8:03  Zerg Ground Armor Level 2  
  151  8:06  Zerg Flyer Weapons Level 1  
  151  8:10  Overlord  
  151  8:11  Extractor, Zergling x14  
  157  8:17  Baneling x6  
  155  8:20  Zergling x10  
  155  8:21  Baneling x4  
  155  8:26  Zergling x4  
  161  8:31  Zergling x8  
  165  8:38  Mutalisk x3  
  166  8:43  Zergling x16  
  166  8:46  Zergling x8  
  176  8:51  Zergling x4  
  178  8:56  Zergling x6  
  179  9:03  Zergling x10  
  179  9:06  Zergling x8  
  179  9:09  Zergling x10  
  162  9:13  Zergling x4  
  162  9:16  Zergling x8  
  156  9:18  Queen  
  156  9:19  Queen  
  156  9:21  Mutalisk x2  
  162  9:26  Mutalisk x3  
  162  9:28  Queen x2  
  162  9:30  Zergling x4  
  174  9:33  Baneling x8  
  174  9:37  Drone x3  
  177  9:38  Zerg Melee Weapons Level 2  
  177  9:42  Infestation Pit  
  177  9:45  Drone  
  177  9:46  Drone  
  177  9:52  Mutalisk x3  
  184  10:00  Zerg Flyer Armor Level 1  
  184  10:06  Zergling x20  
  194  10:07  Baneling x10  
  194  10:10  Drone x3  
  197  10:16  Zergling x2  
  197  10:20  Zergling x2  
  193  10:25  Zergling x12  
  197  10:34  Mutalisk x5  
  192  10:38  Pneumatized Carapace, Hive  
  192  10:45  Zergling x12  
  192  10:47  Extractor  
  193  10:54  Drone x6  
  196  11:05  Hatchery  
  195  11:16  Hatchery  
  195  11:17  Overlord  
  194  11:26  Baneling x15  
  194  11:41  Baneling x17  
  189  11:49  Zergling x6, Hatchery  
  189  11:50  Zergling x20  
  189  11:53  Adrenal Glands, Zerg Ground Armor Level 3  
  199  12:07  Zergling x32  
  199  12:10  Zergling x10  
  200  12:29  Zerg Flyer Weapons Level 2  
  196  12:30  Mutalisk  
  198  12:41  Ultralisk Cavern  
  198  12:43  Spore Crawler  
  196  12:45  Hatchery  
  192  13:02  Zergling x40  
  189  13:06  Zergling x18  
  196  13:15  Drone x3  
  199  13:24  Overlord  
  199  13:26  Overlord  
  199  13:31  Overlord  
  176  13:35  Overlord  
  176  13:37  Drone x8  
  176  13:41  Zergling x18  
  186  13:42  Chitinous Plating  
  186  13:44  Drone  
  186  13:45  Drone  
  186  13:52  Mutalisk x6  
  193  14:00  Overseer  
  193  14:01  Mutalisk x8  
  198  14:03  Baneling x25  
  198  14:17  Zerg Melee Weapons Level 3  
  198  14:20  Baneling x15  
  198  14:21  Zergling x2  
  191  14:40  Mutalisk x4  
  195  14:59  Zergling x10  
  200  15:01  Baneling x21, Anabolic Synthesis  
  200  15:04  Unknown  
  200  15:05  Zergling x6  
  200  15:08  Hatchery  
  181  15:17  Mutalisk x9  
  189  15:21  Zergling x24  
  200  15:30  Extractor  
  200  15:33  Zerg Missile Weapons Level 1  
  199  15:35  Hydralisk Den  
  199  15:41  Extractor  
  197  15:45  Drone x3  
  197  15:48  Spore Crawler  
  199  15:50  Spore Crawler  
  198  15:59  Mutalisk  
  188  16:08  Zergling x34  
  191  16:27  Drone x8  
  197  16:39  Mutalisk x10  
  198  16:56  Zerg Flyer Weapons Level 3  
  198  17:03  Baneling x18, Lurker Den  
  197  17:10  Hatchery  
  197  17:13  Mutalisk x3  
  198  17:32  Spine Crawler x2  
  196  17:41  Mutalisk x4  
  189  18:01  Mutalisk x7  
  199  18:05  Overseer x2  
  199  18:06  Seismic Spines, Overseer  
  199  18:12  Overseer  
  195  18:13  Zergling x8  
  199  18:27  Baneling x14  
  199  18:29  Overseer  
  199  18:30  Spore Crawler  
  199  18:31  Spine Crawler  
  199  18:32  Hatchery  
  199  18:33  Zergling x8  
  199  18:35  Extractor  
  199  18:36  Extractor  
  199  18:38  Baneling x6, Overseer  
  195  18:48  Zergling x16  
  197  19:13  Hatchery  
  197  19:14  Baneling x2  
  196  19:23  Hatchery  
  175  19:27  Zergling x18  
  175  19:28  Zergling x20  
  187  19:41  Zergling x8  
  183  19:50  Zergling x14  
  183  19:56  Adaptive Talons  
  182  20:03  Zerg Flyer Armor Level 2  
  182  20:04  Zergling x8  
  182  20:11  Baneling x5  
  182  20:14  Zergling x8  
  182  20:16  Baneling x9  
  182  20:17  Baneling x5  
  188  20:28  Drone x6  
  188  20:35  Drone x3  
  191  20:41  Baneling x16  
  191  20:44  Ultralisk  
  191  20:45  Overseer  
  191  20:46  Hatchery  
  191  20:47  Zerg Missile Weapons Level 2  
  196  20:51  Hatchery  
  192  20:59  Zergling x2  
  192  21:00  Zergling x12  
  197  21:25  Hatchery  
  193  21:37  Drone x6  
  199  21:40  Extractor  
  180  21:56  Hydralisk x7  
  180  21:57  Hydralisk  
  187  22:07  Zergling x16  
  195  22:12  Baneling Nest  
  194  22:25  Overseer, Lurker x5  
  197  22:35  Zergling x8  
  199  22:40  Extractor  
  199  22:41  Extractor  
  199  22:42  Lurker x2  
  199  22:52  Baneling Nest  
  199  22:55  Drone  
  199  22:57  Ultralisk Cavern  
  198  23:00  Lurker  
  197  23:07  Zergling x2  
  197  23:08  Zergling x8  
  193  23:33  Drone x3  
Tags
 
Add a new tag
Caveats
  • Supply blocks, unpowered buildings, or Contaminate may cause inaccurate times.
  • Supply counts are checked every 10 seconds.